 Dungeon Crawl Stone Soup version 0.29-a0-1023-g6ae1a4a2c7 (webtiles) character file.

Game seed: 1634201510667195111

141 Newt the Cudgeller (level 5, 0/30 HPs)
             Began as a Gargoyle Gladiator on Aug 11, 2022.
             Engulfed by a cloud of flame (23 damage)
             ... on level 2 of the Dungeon.
             The game lasted 00:01:43 (860 turns).

Newt the Cudgeller (Gargoyle Gladiator)              Turns: 860, Time: 00:01:43

Health: 0/30       AC: 11    Str: 19    XL:     5   Next: 24%
Magic:  5/5        EV: 12    Int: 15    God:
Gold:   58         SH:  0    Dex: 11    Spells: 4/4 levels left

rFire   . . .      SeeInvis .   l - +2 mace (holy)
rCold   . . .      Faith    .   (no shield)
rNeg    + . .      Spirit   .   b - +0 leather armour
rPois   ∞          Reflect  .   c - +0 helmet
rElec   +          Harm     .   (no cloak)
rCorr   .          Rampage  .   i - +2 pair of gloves
Will    .....                   (no boots)
Stlth   +.........              j - amulet of regeneration
HPRegen 0.90/turn               k - +6 ring of intelligence
MPRegen 0.09/turn               (no ring)

@: no status effects
A: sickness immunity, AC +4, negative energy resistance 1, electricity
resistance, torment resistance 1, petrification resistance
a: no special abilities


You were on level 2 of the Dungeon.
You visited 1 branch of the dungeon, and saw 2 of its levels.

You collected 58 gold pieces.

Inventory:

Hand Weapons
 a - a +0 flail
 l - a +2 mace of holy wrath (weapon)
Missiles
 d - 3 throwing nets (quivered)
 e - a javelin
Armour
 b - a +0 leather armour (worn)
 c - a +0 helmet (worn)
 i - a +2 pair of gloves (worn)
Jewellery
 f - a ring of wizardry
 j - an amulet of regeneration (around neck)
 k - a +6 ring of intelligence (left hand)
 m - an amulet of magic regeneration
Potions
 g - a potion of lignification {unknown}
 h - a potion of mutation {unknown}
 n - 3 potions of heal wounds {unknown}
 o - a potion of brilliance {unknown}


   Skills:
 - Level 2.1 Fighting
 + Level 5.8 Maces & Flails
 - Level 1.7 Throwing
 - Level 2.4 Dodging


You had 4 spell levels left.
You didn't know any spells.
Your spell library contained the following spells:

 Spells                   Type           Power      Damage    Failure   Level
 Beastly Appendage        Tmut           0%         N/A       32%         1
 Wereblood                Tmut           0%         N/A       43%         2
 Call Canine Familiar     Summ           0%         N/A       67%         3
 Portal Projectile        Hex/Tloc       0%         N/A       67%         3
 Spider Form              Tmut/Pois      0%         N/A       67%         3
 Leda's Liquefaction      Hex/Erth       0%         N/A       97%         4
 Alistair's Intoxication  Tmut/Pois      0%         N/A       100%        5
 Borgnjor's Vile Clutch   Necr/Erth      0%         N/A       100%        5
 Eringya's Noxious Bog    Tmut/Pois      0%         N/A       100%        6


Dungeon Overview and Level Annotations

Branches:
Dungeon (2/15)

Altars:


Innate Abilities, Weirdness & Mutations

You are immune to sickness and miasma.
Your stone body is resilient. (AC +4)
You are immune to poison.
You resist negative energy. (rN+)
You are resistant to electric shocks. (rElec)
You are resistant to unholy torment.
You are immune to petrification.


Message History

You hit Terence but do no damage.
Terence is almost dead.
Terence hits you but does no damage.
You hit Terence but do no damage.
Terence is almost dead.
Terence hits you with a +2 mace of holy wrath.
Terence shouts, "DIE!!!"
Terence closely misses you.
You hit Terence.
You kill Terence!
Things that are here:
a +2 mace of holy wrath; a +0 scale mail
l - a +2 mace of holy wrath Your +2 mace of holy wrath softly glows with a divine radiance!
l - a +2 mace of holy wrath (weapon)
HP restored.
o - a pink potion A rat comes into view.
A rat is nearby!
You sock the rat!
You kill the rat!
No target in view!
No target in view!
You see here a rat corpse.
You pick up a book of Changes and begin reading...
You add the spells Beastly Appendage, Wereblood and Spider Form to your library.
There is an escape hatch in the floor here.
p - a scroll labelled IFRARA NAOKAFI You now have 58 gold pieces (gained 11).
A hobgoblin comes into view.
The hobgoblin shouts!
As you read the scroll labelled IFRARA NAOKAFI, it crumbles to dust.
The creatures around you are filled with an inner flame!
It was a scroll of immolation.
The hobgoblin hits you but does no damage.
You sock the hobgoblin!
The hobgoblin explodes!
The fiery explosion engulfs you!
You are engulfed in blazing flames.
Ouch! That really hurt!
You die...

#.# #.#
#.# #.#
#.# #.#
#.#
########.#
......§@.#
##########


There were no monsters in sight!

Vanquished Creatures
  A scorpion (D:2)
  Terence (D:2)
  2 adders (D:2)
  A dart slug (D:2)
  4 endoplasms
  A giant cockroach (D:1)
  2 goblins
  6 hobgoblins
  10 jackals
  2 quokkas
  A ball python (D:1)
  2 frilled lizards (D:1)
  2 kobolds
  2 rats
37 creatures vanquished.

Notes
Turn   | Place    | Note
-------+----------+-------------------------------------------
     0 | D:1      | Newt the Gargoyle Gladiator began the quest for the Orb.
     0 | D:1      | Reached XP level 1. HP: 12/12 MP: 1/1
    75 | D:1      | Reached XP level 2. HP: 12/17 MP: 2/2
   214 | D:1      | Found a faded altar of an unknown god.
   456 | D:1      | Reached skill level 4 in Maces & Flails
   525 | D:1      | Reached XP level 3. HP: 19/21 MP: 3/3
   694 | D:2      | Noticed a scorpion
   707 | D:2      | Killed a scorpion
   708 | D:2      | Reached skill level 5 in Maces & Flails
   708 | D:2      | Reached XP level 4. HP: 23/26 MP: 4/4
   792 | D:2      | Reached XP level 5. HP: 30/30 MP: 5/5
   801 | D:2      | Noticed Terence
   811 | D:2      | Killed Terence
   860 | D:2      | Engulfed by a cloud of flame

Illustrated notes

Levels and vault maps discovered:
D:1:      minmay_arrival_cross, layout_basic, basic_ecumenical_altar,
          minmay_tromino_v2
D:2:      layout_loops_ring, hangedman_feature_mirror, minivault_26,
          uniq_natasha, uniq_terence

Skill      XL: |  1  2  3 |
---------------+----------+-----
Maces & Flails | 4 5 |  5.8
Fighting       | |  2.1
Throwing       | |  1.7
Dodging        | |  2.4

Action                   |  1- 3 |  4- 6 || total
-------------------------+-------+-------++-------
Melee: Flail             |    69 |    43 ||   112
       Punch             |       |     1 ||     1
       Mace              |       |     2 ||     2
  Use: Scroll            |     3 |     2 ||     5
Armor: Leather armour    |    32 |    24 ||    56
Dodge: Dodged            |    68 |    35 ||   103

Table legend: (Time is in decaauts)
 A = Elapsed time spent in this place.
 B = Non-inter-level travel time spent in this place.
 C = Inter-level travel time spent in this place.
 D = Time resting spent in this place.
 E = Time spent auto-exploring this place.
 F = Levels seen in this place.
 G = Mean time per level.
                   A        B        C        D        E       F      G
               +--------+--------+--------+--------+--------+-----+--------+
         Total |    879 |    804 |     75 |      0 |    566 |   2 |  439.5 |
       Dungeon |    879 |    804 |     75 |      0 |    566 |   2 |  439.5 |
               +--------+--------+--------+--------+--------+-----+--------+

Top non-repeatable levels by time:
     D:1: 667 daAuts
     D:2: 211 daAuts
